 Dungeon Crawl Stone Soup version 0.30.1-11-g7821555f0a (webtiles) character file.

Game seed: 5589858534694816293

105 booth the Chopper (level 4, -4/61 HPs)
             Began as a Hill Orc Monk on Nov 27, 2023.
             Slain by Grinder (5 damage)
             ... on level 3 of the Dungeon.
             The game lasted 00:13:51 (2458 turns).

booth the Chopper (Hill Orc Monk)                   Turns: 2458, Time: 00:13:52

Health: -4/61      AC: 26    Str: 18    XL:     4   Next: 81%
Magic:  4/4        EV:  2    Int: 10    God:
Gold:   154        SH:  0    Dex: 13    Spells: 3/3 levels left

rFire   . . .        a - +0 hand axe
rCold   . . .        (no shield)
rNeg    . . .        h - melded +2 robe "Vevaesto" {Rampage}
rPois   +            (helmet currently unavailable)
rElec   .            (cloak currently unavailable)
rCorr   .            (gloves currently unavailable)
SInv    +            (boots currently unavailable)
Will    ++...        (no amulet)
Stlth   +            o - ring "Turphuzuu" {*Slow rPois Will++ AC+4 Str+3}
HPRegen 0.30/turn    g - ring of see invisible
MPRegen 0.09/turn

%: slow self (1%)
@: tree-form
A: stationary, stasis, torment immunity, boosted hp
a: no special abilities


You were on level 3 of the Dungeon.
You were a tree.
You visited 1 branch of the dungeon, and saw 3 of its levels.

You collected 154 gold pieces.

Inventory:

Hand Weapons
 a - a +0 hand axe (weapon)
Missiles
 m - 10 poisoned darts (quivered)
Armour
 b - a +0 robe
 d - an orb of light
 h - the +2 robe "Vevaesto" (melded) {Rampage}
   (You found it on level 2 of the Dungeon)

   Rampage:   It bestows one free step when moving towards enemies.
 k - a +0 leather armour
Jewellery
 f - a +6 ring of dexterity
 g - a ring of see invisible (right branch)
 o - the ring "Turphuzuu" (left branch) {*Slow rPois Will++ AC+4 Str+3}
   (You found it on level 2 of the Dungeon)

   [ring of protection]

   AC:        It affects your AC (+4).
   Str:       It affects your strength (+3).
   rPois:     It protects you from poison.
   *Slow:     It may slow you when you take damage.
   Will:      It greatly increases your willpower.
Scrolls
 i - 3 scrolls of teleportation
 p - a scroll of poison
 q - a scroll of butterflies {unknown}
Potions
 c - a potion of ambrosia
 e - 3 potions of resistance
 j - a potion of flight
 l - a potion of cancellation {unknown}
 r - a potion of haste {unknown}


   Skills:
 + Level 4.4 Fighting
 * Level 5.7 Axes
 + Level 3.1 Dodging


You had 3 spell levels left.
You didn't know any spells.
Your spell library contained the following spells:

 Spells                   Type           Power      Damage    Failure   Level
 Magic Dart               Conj           0%         1d3       36%         1
 Call Imp                 Summ           0%         N/A       50%         2
 Cigotuvi's Dreadful Rot  Necr/Pois/Air  0%         N/A       50%         2
 Ignite Poison            Fire/Tmut/Pois 0%         N/A       75%         3
 Mephitic Cloud           Conj/Pois/Air  0%         N/A       75%         3
 Freezing Cloud           Conj/Ice/Air   0%         6-21      100%        5


Dungeon Overview and Level Annotations

Branches:
Dungeon (3/15)

Altars:
Wu Jian

Annotations:
D:3 2 transporters, Grendle's ghost, novice DjIE; Grinder


Message History

Grinder is heavily wounded.
Grinder hits you.
You writhe in agony.
You closely miss Grinder.
Grinder is heavily wounded.
Grinder hits you!
You writhe in agony.
* * * LOW HITPOINT WARNING * * *
You hit Grinder.
Grinder is heavily wounded.
Grinder hits you.
* * * LOW HITPOINT WARNING * * *
You writhe in agony.
* * * LOW HITPOINT WARNING * * *
Really quaff the potion of lignification?
You turn into a tree.
The +2 robe "Vevaesto" {Rampage} melds into your body.
Your roots penetrate the ground.
Grinder hits you.
* * * LOW HITPOINT WARNING * * *
You writhe in agony.
* * * LOW HITPOINT WARNING * * *
You closely miss Grinder.
Grinder is heavily wounded.
Grinder barely misses you.
You hit Grinder.
Grinder is severely wounded.
Grinder hits you but does no damage.
You barely miss Grinder.
Grinder is severely wounded.
Grinder hits you but does no damage.
You hit Grinder.
Grinder is severely wounded.
Grinder hits you but does no damage.
You slash Grinder!
Grinder is almost dead.
Grinder hits you but does no damage.
You barely miss Grinder.
Grinder is almost dead.
Grinder hits you!
* * * LOW HITPOINT WARNING * * *
You writhe in agony.
You die...

...########
........##.#.##..#.#
####
#..##.#..##.#.##..#.#
#..#(.#..##.#.......#
# .......##.##.#..###
......##....)..#
...... #......## #
#.##.# #.....#
#.#5##.# ...#
#.#♣##.# ...#
#......# #######
###.#### ######.. #.#
#.......
#.#########.......
#.................
######.##.#.......
#.##.#.......
#.##.........


You could see Grinder.

Vanquished Creatures
  2 adders
  An ufetubus (D:3)
  A dart slug (D:2)
  4 orcs (D:3)
  6 ball pythons
  3 bats
  4 endoplasms
  4 giant cockroaches
  6 goblins
  5 hobgoblins
  15 jackals
  4 kobolds
  3 quokkas
  4 frilled lizards
  5 rats
67 creatures vanquished.

Notes
Turn   | Place    | Note
-------+----------+-------------------------------------------
     0 | D:1      | booth the Hill Orc Monk began the quest for the Orb.
     0 | D:1      | Reached XP level 1. HP: 19/19 MP: 1/1
    50 | D:1      | Found a faded altar of an unknown god.
   137 | D:1      | Reached XP level 2. HP: 15/27 MP: 2/2
   558 | D:1      | Reached XP level 3. HP: 33/33 MP: 3/3
  1032 | D:2      | Reached skill level 5 in Axes
  1053 | D:2      | Identified the +2 robe "Vevaesto" {Rampage}
  1408 | D:2      | Identified the ring "Turphuzuu" {*Slow rPois Will++ AC+4
                  | Str+3}
  1458 | D:2      | Reached XP level 4. HP: 39/40 MP: 4/4
  1846 | D:3      | Found an ornate altar of the Wu Jian Council.
  1890 | D:3      | Identified the +6 dire flail "Hell-Harrower" {antimagic,
                  | rC+ Str+2 Stlth+}
  1890 | D:3      | Noticed an ogre
  1892 | D:3      | Noticed Grendle's ghost (novice DjIE)
  1907 | D:3      | Found a transporter.
  1907 | D:3      | Noticed an ogre
  1911 | D:3      | Found a transporter.
  1926 | D:3      | Noticed an ogre
  2423 | D:3      | Noticed Grinder
  2458 | D:3      | HP: 1/61 [Grinder (7)]
  2458 | D:3      | Slain by Grinder

Illustrated notes

Levels and vault maps discovered:
D:1:      scummos_arrival_gate, layout_loops_cross,
          hellmonk_ecumenical_altar_heavens_door, minmay_heptomino_d4
D:2:      layout_basic
D:3:      layout_loops_cross, mainiacjoe_overflow_catwalk,
          gammafunk_ghost_smash, uniq_grinder

Skill      XL: |  1  2  3  4 |
---------------+-------------+-----
Fighting       | 4 |  4.4
Axes           | 5 |  5.7
Dodging        | 3 |  3.1

Action                     |  1- 3 |  4- 6 || total
---------------------------+-------+-------++-------
  Melee: Hand axe          |   145 |    73 ||   218
  Throw: Dart              |       |     4 ||     4
    Use: Scroll            |     2 |     2 ||     4
         Potion            |       |     2 ||     2
   Stab: Sleeping          |     1 |     1 ||     2
 Armour: Robe              |    32 |    22 ||    54
         Skin              |       |     4 ||     4
  Dodge: Dodged            |   100 |    39 ||   139
